 Dungeon Crawl Stone Soup version 0.20.0-10-g0535bb4 (webtiles) character file.

2622 grindst0ne the Basher (level 9, -1/60 HPs)
             Began as a Gargoyle Fighter on June 4, 2017.
             Was a Follower of Okawaru.
             Splashed by a brown ugly thing's acid (8 damage)
             ... on level 7 of the Dungeon.
             The game lasted 00:20:43 (7797 turns).

grindst0ne the Basher (Gargoyle Fighter)            Turns: 7797, Time: 00:20:44

Health: -1/60      AC:  5    Str: 20    XL:     9   Next: 60%
Magic:  9/9        EV:  9    Int:  9    God:    Okawaru [*.....]
Gold:   390        SH:  0    Dex: 12    Spells: 8/8 levels left

rFire    + . .     SeeInvis .   C - +4 dire flail (holy)
rCold    + . .     Gourm    .   (shield currently unavailable)
rNeg     + + .     Faith    .   b - +0 scale mail
rPois    ∞         Spirit   .   z - +2 helmet
rElec    +         Reflect  .   (no cloak)
rCorr    .         Harm     .   (no gloves)
MR       .....                  D - +0 pair of boots
Stlth    ..........             (no amulet)
Regen    0.2/turn               q - ring of protection from cold
MPRegen  0.2/turn               w - ring "Diked" {rPois rF+ rN+}

@: corroded
A: negative energy resistance 1, electricity resistance, unbreathing,
petrification resistance, rot immunity, AC +5
a: Heroism, Renounce Religion


You were on level 7 of the Dungeon.
You worshipped Okawaru.
Okawaru was aware of your devotion.
You were not hungry.

You visited 2 branches of the dungeon, and saw 8 of its levels.
You also visited: Sewer.

You collected 390 gold pieces.

Inventory:

Hand Weapons
 a - a +0 war axe
 C - a +4 dire flail of holy wrath (weapon)
Armour
 b - a +0 scale mail (worn)
 c - a +0 shield
 u - a +2 hat
 z - a +2 helmet (worn)
 D - a +0 pair of boots (worn)
Jewellery
 q - a ring of protection from cold (left hand)
 v - an uncursed ring of flight
 w - the ring "Diked" (right hand) {rPois rF+ rN+}
   (You found it on level 4 of the Dungeon)

   [ring of protection from fire]

   It protects you from fire.
   It protects you from poison.
   It protects you from negative energy.
 I - an uncursed ring of see invisible {unknown}
Wands
 r - a wand of polymorph (10/24)
 A - a wand of flame (45/48)
Scrolls
 g - a scroll of random uselessness {unknown}
 n - 7 scrolls of remove curse
 o - a scroll of recharging
 y - a scroll of amnesia
 B - a scroll of immolation {unknown}
 F - a scroll of enchant weapon
 G - a scroll of identify
 K - a scroll of noise {unknown}
Potions
 d - 3 potions of might
 e - 3 potions of agility
 i - 3 potions of flight
 k - 8 potions of curing
 m - 2 potions of haste {unknown}
 p - a potion of degeneration {unknown}
 s - a potion of cancellation {unknown}
 t - 4 potions of brilliance {unknown}
 x - a potion of heal wounds {unknown}
 E - a potion of magic {unknown}
 H - a potion of mutation {unknown}
Comestibles
 f - 6 bread rations
 h - 6 meat rations
 j - 2 royal jellies
 l - 5 fruits
 J - 6 chunks of flesh


   Skills:
 - Level 8.4 Fighting
 - Level 1.7(6.0) Axes
 + Level 9.9(10.0) Maces & Flails
 - Level 5.2 Armour
 - Level 3.2 Shields


You had 8 spell levels left.
You didn't know any spells.

Dungeon Overview and Level Annotations

Branches:
Dungeon (7/15)             Temple (1/1) D:6

Altars:
Ashenzari
Dithmenos
Elyvilon
Fedhas
Gozag
Hepliaklqana
Kikubaaqudgha
Makhleb
Nemelex Xobeh
Okawaru
Qazlal
Ru
Sif Muna
Trog
Uskayaw
Vehumet
Xom
Yredelemnul
Zin
The Shining One


Innate Abilities, Weirdness & Mutations

You are resistant to torment.
Your stone body is resilient. (AC +5)
You are immune to poison.
You resist negative energy. (rN+)
You are resistant to electric shocks. (rElec)
You can survive without breathing.
You are immune to petrification.
You are immune to rotting.


Message History

Aiming: Throw Flame (will waste charges)
Press: ? - help, Shift-Dir - straight line, f - brown ugly thing
Aim: a brown ugly thing (moderately wounded)
The puff of flame hits the brown ugly thing.
The brown ugly thing is moderately wounded.
Evoking this partially-identified wand wasted a few charges.
The brown ugly thing trunk-slaps you! The acid corrodes you!
You are splashed with acid!
The acid burns!
Okay, then.
The brown ugly thing trunk-slaps you!
* * * LOW HITPOINT WARNING * * *
The acid corrodes you!
You are splashed with acid!
The acid burns!
* * * LOW HITPOINT WARNING * * *
You see here 14 stones.
Okay, then.
It was a potion of curing.
You feel better. The brown ugly thing trunk-slaps you.
* * * LOW HITPOINT WARNING * * *
You are splashed with acid!
The acid burns!
You die...

#.##..(#.............###.###.###.
..#....#.................# #..##.
..#....#.............########.###
..#....#.........................
..#....#.........................
..#....##............#########.##
..#.........########.............
..####.####.########.#####......#
...)...#........@u.#.# #......#
.########.#.######.#.# #.......
..........#.#....#.#.# #.......
..#########.#......#.# #.......
#.#########.####.###.# #.......
#...........#..<.....# #.......
###...........########## #####...
..........)............# #...
....(.........#......#.# #...


You could see a brown ugly thing.

Vanquished Creatures
  A hippogriff (D:7)
  Menkaure (D:5)
  Edmund (D:4)
  A water moccasin (D:5)
  An ice beast (D:7)
  3 ogres
  2 phantoms
  A centaur (D:5)
  A crocodile (Sewer)
  2 bullfrogs
  A scorpion (D:6)
  5 wights (D:7)
  2 howler monkeys
  2 crimson imps (D:5)
  3 orc priests
  A bullfrog zombie (D:4)
  A jelly (D:7)
  A centaur zombie (D:6)
  3 bullfrog skeletons
  A hound (D:5)
  2 orc wizards
  A gnoll shaman (D:4)
  3 iguanas
  3 worker ants
  A howler monkey zombie (D:5)
  15 adders
  7 gnolls
  An ooze (D:1)
  3 worms
  7 dart slugs
  6 leopard geckos
  19 orcs
  3 bats
  12 giant cockroaches
  6 goblins
  7 hobgoblins
  12 jackals
  8 kobolds
  A quokka (D:7)
  3 ball pythons
  7 frilled lizards
  13 rats
174 creatures vanquished.

Notes
Turn   | Place    | Note
-------+----------+-------------------------------------------
     0 | D:1      | grindst0ne the Gargoyle Fighter began the quest for the Orb.
     0 | D:1      | Reached XP level 1. HP: 14/14 MP: 1/1
    57 | D:1      | Reached XP level 2. HP: 17/20 MP: 2/2
   228 | D:1      | Reached XP level 3. HP: 23/24 MP: 3/3
   657 | D:2      | Reached skill level 5 in Fighting
   917 | D:2      | Reached XP level 4. HP: 11/31 MP: 4/4
  2073 | D:3      | Noticed an ogre
  2077 | D:3      | Killed an ogre
  2077 | D:3      | Reached XP level 5. HP: 21/37 MP: 5/5
  2828 | D:4      | Reached XP level 6. HP: 35/44 MP: 6/6
  3121 | D:4      | Got a scorched glass ring
  3230 | D:4      | Identified the ring "Diked" {rPois rF+ rN+} (You found it on level 4 of the Dungeon)
  3370 | D:4      | Reached XP level 7. HP: 44/50 MP: 7/7
  3448 | D:4      | Noticed Edmund
  4180 | D:4      | Killed Edmund
  4180 | D:4      | Reached skill level 5 in Armour
  4339 | D:4      | Reached skill level 1 in Maces & Flails
  4632 | D:5      | Entered Level 5 of the Dungeon
  4641 | D:5      | Reached skill level 2 in Maces & Flails
  4700 | D:5      | Reached skill level 3 in Maces & Flails
  4700 | D:5      | Reached XP level 8. HP: 49/55 MP: 8/8
  4783 | D:5      | Reached skill level 4 in Maces & Flails
  4961 | D:5      | Reached skill level 5 in Maces & Flails
  5306 | D:5      | Found a hide-covered altar of Uskayaw.
  5307 | D:5      | Noticed Menkaure
  5327 | D:5      | Found an iron altar of Okawaru.
  5329 | D:5      | Found a burning altar of Makhleb.
  5523 | D:5      | Found an opulent altar of Gozag.
  5731 | D:5      | Reached skill level 6 in Maces & Flails
  5851 | D:6      | Found a staircase to the Ecumenical Temple.
  5857 | Temple   | Entered the Ecumenical Temple
  6018 | D:5      | Killed Menkaure
  6025 | D:5      | Became a worshipper of Warmaster Okawaru
  6159 | D:6      | Reached skill level 7 in Maces & Flails
  6238 | D:6      | Found a glowing drain.
  6242 | Sewer    | Entered a sewer
  6835 | D:6      | Reached XP level 9. HP: 57/60 MP: 9/9
  7102 | D:7      | Reached skill level 8 in Maces & Flails
  7139 | D:7      | Noticed a brown ugly thing
  7415 | D:7      | Reached * piety under Okawaru
  7415 | D:7      | Reached skill level 9 in Maces & Flails
  7797 | D:7      | Splashed by a brown ugly thing's acid

Skill      XL: |  1  2  3  4  5  6  7  8  9 |
---------------+----------------------------+-----
Fighting       | 4 5 6 7 8 |  8.4
Armour         | 5 |  5.2
Maces & Flails | 3 7 9 |  9.9
Axes           | |  1.7
Shields        | |  3.2

Action                   |  1- 3 |  4- 6 |  7- 9 || total
-------------------------+-------+-------+-------++-------
Melee: War axe           |   102 |   220 |    49 ||   371
       Dire flail        |       |       |   218 ||   218
Evoke: Wand              |       |       |     1 ||     1
  Use: Scroll            |     1 |       |    10 ||    11
       Potion            |       |       |     2 ||     2
  Eat: Chunk             |       |     9 |    12 ||    21
       Royal jelly       |       |       |     1 ||     1
Armor: Scale mail        |    82 |   149 |   202 ||   433
Dodge: Dodged            |    53 |    79 |   151 ||   283
Block: Shield            |    68 |   145 |    33 ||   246
